 Dungeon Crawl Stone Soup version 0.31.0-32-g396128a36d (webtiles) character file.

Game seed: 12411664358054205576

33356 ZingZang1235 the Protected (level 13, -5/102 HPs)
             Began as an Armataur Fighter on Apr 8, 2024.
             Was the Champion of Hepliaklqana.
             Slain by a tyrant leech (6 damage)
             ... on level 1 of the Swamp.
             The game lasted 00:56:38 (11529 turns).

ZingZang1235 the Protected (Armataur Fighter)      Turns: 11529, Time: 00:56:40

Health: -5/102     AC: 32    Str: 25    XL:     13   Next: 36%
Magic:  21/21      EV:  3    Int: 14    God:    Hepliaklqana [******]
Gold:   1070       SH: 19    Dex: 15    Spells: 23/23 levels left

rFire   . . .        d - +2 war axe of Hepliaklqana's Regard {venom, rC+ Int+3 Dex+3 Stlth-}
rCold   + . .        O - +1 tower shield
rNeg    . . .        I - +2 chain mail {rPois}
rPois   +            c - +0 helmet
rElec   .            p - +1 cloak
rCorr   .            Z - +0 pair of gloves of Youthful Indiscretion {rF- Regen+ Str+3}
SInv    .            w - +0 barding
Will    .....        J - amulet of regeneration
Stlth   +            g - +4 ring of protection
HPRegen 2.62/turn    y - ring of protection from fire
MPRegen 0.50/turn

%: clarity, roll
@: no status effects
A: reduced essence, large, deformed body, tough skin 3, armoured tail, roll 2,
hooves 1, iridescent scales 1, clarity
a: Renounce Religion, Recall Ancestor, Ancestor Identity, Transference, Idealise


You were on level 1 of the Swamp.
You worshipped Hepliaklqana.
Hepliaklqana was exalted by your worship.
You visited 5 branches of the dungeon, and saw 16 of its levels.
You also visited: Bailey.

You collected 1070 gold pieces.

Inventory:

Hand Weapons
 d - the +2 war axe of Hepliaklqana's Regard (weapon) {venom, rC+ Int+3 Dex+3 Stlth-}
   (You acquired it on level 2 of the Dungeon)

   Int+3:     It affects your intelligence (+3).
   Dex+3:     It affects your dexterity (+3).
   rC+:       It protects you from cold.
   Stlth-:    It makes you less stealthy.
 o - a +2 trident of draining
 q - a +2 glaive of freezing
 s - a +0 demon trident
 z - a +4 halberd
 F - a +1 eveningstar
 H - a +0 flail of freezing
 N - a +1 hand axe of freezing
 X - a +2 spear of venom
Missiles
 h - 25 poisoned darts
 i - 10 boomerangs
 P - a throwing net
Armour
 c - a +0 helmet (worn)
 k - a +0 pair of gloves
 p - a +1 cloak (worn)
 w - a +0 barding (worn)
 A - an orb of mayhem
 I - a +2 chain mail of poison resistance (worn)
 K - a +2 chain mail of positive energy
 L - a +1 scale mail of poison resistance
 M - a +2 ring mail of poison resistance
 O - a +1 tower shield (worn)
 Z - the +0 pair of gloves of Youthful Indiscretion (worn) {rF- Regen+ Str+3}
   (You found it on level 9 of the Dungeon)

   Str+3:     It affects your strength (+3).
   rF-:       It makes you vulnerable to fire.
   Regen+:    It increases your rate of health regeneration.
Magical Staves
 Y - a staff of conjuration
Jewellery
 f - a ring of willpower
 g - a +4 ring of protection (left hand)
 r - a ring of ice
 x - a ring of resist corrosion
 y - a ring of protection from fire (right hand)
 J - an amulet of regeneration (around neck)
 R - a ring of see invisible
Wands
 e - a wand of iceblast (4)
 n - a wand of light (4)
 u - a wand of flame (37) (quivered)
 C - a wand of charming (25)
 D - a wand of polymorph (9)
 G - a wand of mindburst (6)
 W - a wand of digging (13)
Scrolls
 l - a scroll of enchant weapon
 m - a scroll of vulnerability
 B - 2 scrolls of revelation
 T - 2 scrolls of amnesia
Potions
 b - 3 potions of lignification
 j - 2 potions of haste
 t - a potion of mutation
 U - a potion of attraction
Miscellaneous
 a - a sack of spiders


   Skills:
 + Level 10.7 Fighting
 + Level 13.7 Armour
 - Level 10.0 Stealth
 + Level 12.6 Shields
 - Level 1.7 Unarmed Combat
 + Level 5.8 Spellcasting
 + Level 7.0 Evocations


You had 23 spell levels left.
You didn't know any spells.
Your spell library contained the following spells:

 Spells                   Type           Power      Damage    Failure   Level
 Kiss of Death            Conj/Necr      16%        2d6       85%         1
 Magic Dart               Conj           16%        1d3       85%         1
 Shock                    Conj/Air       16%        1d4       85%         1
 Searing Ray              Conj           8%         2d4       94%         2
 Sublimation of Blood     Necr           4%         N/A       94%         2
 Confusing Touch          Hex            4%         N/A       99%         3
 Dazzling Flash           Conj/Hex       8%         N/A       99%         3
 Fugue of the Fallen      Necr           4%         N/A       99%         3
 Gell's Gravitas          Tloc           4%         N/A       99%         3
 Hailstorm                Conj/Ice       4%         3d5       99%         3
 Inner Flame              Hex/Fire       4%         N/A       99%         3
 Ozocubu's Armour         Ice            4%         N/A       99%         3
 Summon Ice Beast         Ice/Summ       4%         N/A       99%         3
 Swiftness                Air            4%         N/A       99%         3
 Teleport Other           Tloc           4%         N/A       99%         3
 Volatile Blastmotes      Fire/Tloc      8%         2d10      99%         3
 Airstrike                Air            2%         2d(1-17)  100%        4
 Dispel Undead            Necr           4%         3d7       100%        4
 Flame Wave               Conj/Fire      4%         2d5       100%        4
 Fulminant Prism          Conj/Alch      2%         3d5       100%        4
 Manifold Assault         Tloc           4%         N/A       100%        4
 Petrify                  Alch/Erth      4%         N/A       100%        4
 Sticky Flame             Fire/Alch      4%         2d4       100%        4
 Irradiate                Conj/Alch      2%         3d12      100%        5
 Dispersal                Tloc           2%         N/A       100%        6
 Sculpt Simulacrum        Ice/Alch       2%         N/A       100%        6
 Starburst                Conj/Fire      2%         6d3       100%        6
 Ignition                 Fire           2%         3d3       100%        8
 Maxwell's Capacitive Co  Air            2%         ∞         100%        8


Dungeon Overview and Level Annotations

Branches:
Dungeon (11/15)            Temple (1/1) D:5            Lair (2/5) D:11
  Swamp (1/4) Lair:2          Orc (1/2) D:10         Bailey (visited)
  Snake: Lair:2-3    Spider: Lair:2-3

Altars:
Ashenzari
Cheibriados
Dithmenos
Elyvilon
Fedhas
Gozag
Hepliaklqana
Kikubaaqudgha
Makhleb
Nemelex Xobeh
Okawaru
Qazlal
Ru
Sif Muna
Trog
Uskayaw
Vehumet
Wu Jian
Xom
Yredelemnul
Zin
The Shining One

Shops:
D:8 :


Innate Abilities, Weirdness & Mutations

Your life essence is reduced to manifest your ancestor. (-10% HP)
Armour fits poorly on your strangely shaped body.
You have extremely tough skin. (AC +3)
You have a long armoured tail.
You regenerate magic and health when rolling toward enemies. (Rampage Regen)
You have large cloven feet.
You are partially covered in iridescent scales. (AC +2)
You possess an exceptional clarity of mind.


Message History

* * * LOW HITPOINT WARNING * * *
The tyrant leech bites you!
* * * LOW HITPOINT WARNING * * *
The tyrant leech draws strength from your injuries!
The thorn hunter hits the briar patch!
The thorn hunter hits the briar patch.
The bog body attacks as it pursues you! You block the bog body's attack.
You hit the bog body but do no damage. You tail-slap the bog body.
The bog body is moderately damaged.
The thorn hunter hits the briar patch!!
The briar patch is destroyed!
The tyrant leech bites you but does no damage.
You miss the tyrant leech. Your kick misses the tyrant leech.
The tyrant leech is lightly wounded.
You block the tyrant leech's attack.
The tyrant leech bites you but does no damage.
You block the alligator's attack. x2
You slice the tyrant leech!!
The tyrant leech looks as sick as possible!
You kick the tyrant leech.
Your tail-slap misses the tyrant leech.
The tyrant leech is heavily wounded.
You barely miss the tyrant leech. You barely miss the alligator.
The thorn hunter gestures.
Thorny briars emerge from the ground!
You block the alligator's attack. x2
The tyrant leech bites you!
* * * LOW HITPOINT WARNING * * *
The tyrant leech draws strength from your injuries!
You block the tyrant leech's attack.
You miss the tyrant leech.
Your tail-slap misses the tyrant leech.
The tyrant leech is heavily wounded.
You slash the tyrant leech!
The tyrant leech is poisoned.
You hit the bog body. You hit the alligator but do no damage.
The alligator is poisoned.
The briar patch crumbles away.
You block the alligator's attack. x2
The bog body touches you.
* * * LOW HITPOINT WARNING * * *
The bog body freezes you! You resist.
* * * LOW HITPOINT WARNING * * *
You block the tyrant leech's attack. You block the alligator's attack.
The alligator bites you but does no damage.
The tyrant leech bites you.
You die...

.≈≈≈≈≈§§§...♣♣♣♣♣♣~~......~~~....
≈≈≈≈PP§§§~§.~~♣♣♣♣..~~..♣[~~~~~..
≈≈≈≈PPP§~PP.~♣♣♣♣♣~.~~~.♣.~~~~~~.
≈≈≈DPP≈§~...$♣♣♣♣♣♣♣.~.♣~..~~~~~~
≈≈≈≈PP≈.PPP§D.~♣♣♣♣♣..~♣...~~.~§~
≈≈≈≈≈≈.wPwP....~♣♣♣♣♣♣♣♣.....~~..
≈..<.≈.~.♣..~~f.♣♣♣~♣♣♣.~~>.~.~~.
§.i......♣~~~~~wl♣.~.~♣.~~~..~..~
..f.l~.♣♣~.~~~~w@♣.~..~.~§~..~..~
.i§~...♣♣♣~~..~n.♣.~...~~~..~~.~~
.§~~§.~♣♣♣....~......♣.>...~~.~~~
~~.....♣♣♣..~~...~..♣♣♣..~....~~.
~..♣♣♣♣♣♣♣~~~~.~~~~~♣♣♣.~...§..~♣
♣..♣ ♣♣♣.~§~~PPPPPP♣♣,,,,~*~***
♣♣♣♣ ♣♣..~~~PPPPP♣♣♣,,~,**** ,*
*~~~~..~~~~.~,,,~~~,* **
**,~~~~~~~~,~~~~~~~~,*


You could see a thorn hunter, a swamp dragon, an alligator (poisoned), 2 tyrant
leeches, a bog body and a swamp worm.

Vanquished Creatures
  Gastronok (Lair:1)
  An alligator (Swamp:1)
  2 boulder beetles
  3 centaur warriors
  A ghost crab (Swamp:1)
  A two-headed ogre (D:9)
  Urug (Lair:2)
  A spriggan (Swamp:1)
  A spriggan druid (Swamp:1)
  A bog body (Swamp:1)
  Pikel (D:4)
  An ugly thing (D:9)
  A black mamba (Lair:1)
  An ice statue (D:9)
  An elephant (D:11)
  2 komodo dragons (Lair:1)
  A hellwing (D:11)
  2 hornets
  A tyrant leech (Swamp:1)
  10 blink frogs
  A slime creature (D:9)
  7 yaks
  A wyvern (D:10)
  A vampire (D:6)
  A basilisk (Lair:2)
  A steam dragon (D:5)
  A redback (D:9)
  3 water moccasins
  9 orc warriors
  An ice beast (D:6)
  A sky beast (D:4)
  A black bear (D:6)
  7 ogres
  2 wolves
  3 centaurs
  2 lemures (D:4)
  4 bullfrogs
  2 kobold brigands
  3 gnoll sergeants (D:7)
  2 scorpions
  2 wights (D:9)
  Dowan (D:6)
  2 killer bees (D:9)
  An electric eel (Lair:2)
  7 howler monkeys
  A bombardier beetle (D:5)
  4 hounds
  3 gnoll boudas
  A jelly (D:5)
  2 orc priests
  A sleepcap (D:6)
  12 orc wizards
  4 iguanas
  A statue (D:7)
  Robin (D:3)
  5 adders
  12 gnolls
  2 white imps
  2 ufetubi (D:6)
  3 ribbon worms
  5 dart slugs
  31 orcs
  6 bats
  7 endoplasms
  12 goblins
  5 hobgoblins
  9 kobolds
  2 quokkas
  7 ball pythons
  4 frilled lizards
  5 rats
247 creatures vanquished.

Vanquished Creatures (collateral kills)
  2 hydras
  2 boulder beetles
  A centaur warrior (D:9)
  A death yak (D:11)
  An orc knight (Bailey)
  A deep elf pyromancer (Bailey)
  An orc sorcerer (Orc:1)
  A will-o-the-wisp (Swamp:1)
  A rust devil (D:11)
  A smoke demon (D:11)
  An unseen horror (D:10)
  A cane toad (Lair:2)
  Jeremiah (D:8)
  2 kobold demonologists
  A red devil (D:11)
  3 blink frogs
  Prince Ribbit (D:9)
  Sigmund (D:6)
  4 yaks
  A wyvern (Lair:2)
  A warg (Orc:1)
  3 wraiths
  3 basilisks (Lair:1)
  A steam dragon (D:7)
  Menkaure (D:6)
  Edmund (D:6)
  An acid dragon (D:11)
  Duvessa (D:6)
  A water moccasin (Lair:2)
  5 orc warriors
  An ice beast (D:7)
  3 black bears
  A laughing skull (D:9)
  3 ogres (D:7)
  2 wolves (Lair:1)
  A centaur (D:10)
  A kobold brigand (D:7)
  2 scorpions
  3 wights (D:9)
  2 killer bees (D:9)
  5 howler monkeys
  5 electric eels (Lair:2)
  10 hounds
  A bombardier beetle (D:7)
  3 gnoll boudas
  5 orc priests
  3 jellies
  A sleepcap (D:6)
  3 iguanas
  9 orc wizards
  8 gnolls
  An adder (D:5)
  A shadow imp (D:7)
  7 ufetubi
  23 orcs
  3 goblins (D:7)
  2 kobolds (D:9)
155 creatures vanquished.

Vanquished Creatures (others)
  A water moccasin (Lair:2)
  10 battlemagi
  A kobold (D:3)
12 creatures vanquished.

Grand Total: 414 creatures vanquished

Notes
Turn   | Place    | Note
-------+----------+-------------------------------------------
     0 | D:1      | ZingZang1235 the Armataur Fighter began the quest for the
                  | Orb.
     0 | D:1      | Reached XP level 1. HP: 18/18 MP: 1/1
   227 | D:1      | Reached XP level 2. HP: 25/25 MP: 2/2
   647 | D:1      | You fall into a shaft and drop 1 floor!
   654 | D:2      | Reached skill level 1 in Stealth
   705 | D:2      | Found an ancient bone altar of Kikubaaqudgha.
   866 | D:2      | Reached skill level 4 in Armour
   912 | D:2      | Reached XP level 3. HP: 31/31 MP: 3/3
   990 | D:2      | Identified a scroll of acquirement
   990 | D:2      | Acquired the +2 war axe of Hepliaklqana's Regard {venom,
                  | rC+ Int+3 Dex+3 Stlth-}
  1321 | D:2      | Reached XP level 4. HP: 38/38 MP: 4/4
  1491 | D:3      | Found a hazy altar of Hepliaklqana.
  1495 | D:3      | Became a worshipper of Hepliaklqana the Forgotten
  1607 | D:3      | Found a faded altar of an unknown god.
  1753 | D:3      | Noticed Robin
  1755 | D:3      | Gained mutation: You have large cloven feet. [potion of
                  | mutation]
  1755 | D:3      | Gained mutation: You have a pair of small horns on your
                  | head. [potion of mutation]
  1755 | D:3      | Gained mutation: Your flesh is heat resistant. (rF+)
                  | [potion of mutation]
  1760 | D:3      | Killed Robin
  1823 | D:3      | Reached XP level 5. HP: 45/45 MP: 5/5
  1988 | D:4      | Noticed a lemure
  1988 | D:4      | Noticed a lemure
  1988 | D:4      | Noticed a lemure
  1989 | D:4      | Noticed a lemure
  1989 | D:4      | Noticed Pikel
  2000 | D:4      | Killed a lemure
  2002 | D:4      | Killed a lemure
  2008 | D:4      | Killed Pikel
  2009 | D:4      | Reached skill level 5 in Armour
  2009 | D:4      | Reached skill level 5 in Shields
  2009 | D:4      | Reached XP level 6. HP: 6/53 MP: 6/6
  2009 | D:4      | Gained mutation: You regenerate magic and health when
                  | rolling toward enemies. (Rampage Regen) [Armataur growth]
  2009 | D:4      | Reached XP level 7. HP: 7/60 MP: 7/7
  2290 | D:4      | Reached * piety under Hepliaklqana
  2347 | D:4      | Reached skill level 6 in Armour
  2384 | D:4      | Found a stormy altar of Qazlal.
  2452 | D:4      | Reached skill level 5 in Stealth
  2638 | D:4      | Reached skill level 5 in Fighting
  2638 | D:4      | Reached XP level 8. HP: 61/61 MP: 8/8
  3286 | D:5      | Entered Level 5 of the Dungeon
  3416 | D:5      | Reached skill level 7 in Armour
  3518 | D:5      | Reached ** piety under Hepliaklqana
  3519 | D:5      | Remembered your ancestor Appia as a battlemage
  3567 | D:5      | Found a staircase to the Ecumenical Temple.
  3585 | Temple   | Entered the Ecumenical Temple
  4365 | D:6      | Identified the +8 long sword "Woji" {holy, rF- rN+ Dex+3
                  | SInv}
  4393 | D:6      | Reached XP level 9. HP: 67/67 MP: 9/9
  4447 | D:6      | Noticed Edmund
  4452 | D:6      | Killed Edmund
  4453 | D:6      | Reached skill level 8 in Armour
  4526 | D:6      | Noticed Menkaure
  4528 | D:6      | Killed Menkaure
  4622 | D:6      | Noticed Duvessa
  4622 | D:6      | Noticed Dowan
  4629 | D:6      | Killed Duvessa
  4629 | D:6      | Killed Dowan
  4910 | D:6      | Noticed Sigmund
  4913 | D:6      | Killed Sigmund
  5019 | D:7      | Reached skill level 9 in Armour
  5025 | D:7      | Found a glowing silver altar of Zin.
  5035 | D:7      | Reached *** piety under Hepliaklqana
  5224 | D:7      | Found a radiant altar of Vehumet.
  5305 | D:7      | Reached XP level 10. HP: 77/77 MP: 10/10
  5477 | D:7      | Found a flagged portal.
  5518 | Bailey   | Entered a bailey
  5518 | Bailey   | Reached **** piety under Hepliaklqana
  5550 | Bailey   | Found a large runed translucent door.
  5550 | Bailey   | Found a large runed translucent door.
  5555 | Bailey   | Noticed a deep elf pyromancer
  5569 | Bailey   | Noticed an orc knight
  5625 | Bailey   | Killed an orc knight
  5826 | Bailey   | Killed a deep elf pyromancer
  5827 | Bailey   | Reached skill level 10 in Armour
  6522 | D:8      | Lost mutation: You have a pair of small horns on your head.
                  | [potion of mutation]
  6522 | D:8      | Lost mutation: Your flesh is heat resistant. (rF+) [potion
                  | of mutation]
  6522 | D:8      | Gained mutation: You possess an exceptional clarity of
                  | mind. [potion of mutation]
  6522 | D:8      | Gained mutation: You are partially covered in iridescent
                  | scales. (AC +2) [potion of mutation]
  6533 | D:8      | Reached skill level 10 in Stealth
  6572 | D:8      | Identified the +5 long sword "Zudatso" {freeze, +Blink rF+
                  | Str+2}
  6633 | D:8      | Reached skill level 10 in Shields
  6635 | D:8      | Reached XP level 11. HP: 53/85 MP: 11/11
  6830 | D:8      | Noticed Jeremiah
  6875 | D:8      | Killed Jeremiah
  6876 | D:8      | Reached skill level 11 in Armour
  6916 | D:8      | Found a snail-covered altar of Cheibriados.
  7048 | D:8      | Found Huck's Book Shop.
  7382 | D:9      | Noticed Prince Ribbit
  7386 | D:9      | Killed Prince Ribbit
  7485 | D:9      | Noticed a two-headed ogre
  7492 | D:9      | Killed a two-headed ogre
  7493 | D:9      | Reached skill level 1 in Spellcasting
  7493 | D:9      | Reached skill level 1 in Evocations
  7711 | D:9      | Reached ***** piety under Hepliaklqana
  8449 | D:9      | Noticed a centaur warrior
  8449 | D:9      | Noticed a centaur warrior
  8456 | D:9      | Killed a centaur warrior
  8458 | D:9      | Killed a centaur warrior
  8474 | D:9      | Noticed a boulder beetle
  8481 | D:9      | Killed a boulder beetle
  8522 | D:9      | Noticed a centaur warrior
  8522 | D:9      | Noticed a purple ugly thing
  8530 | D:9      | Killed a purple ugly thing
  8537 | D:9      | Killed a centaur warrior
  8557 | D:9      | Noticed a six-headed hydra
  8562 | D:9      | Killed a nine-headed hydra
  8608 | D:9      | Identified the +0 pair of gloves of Youthful Indiscretion
                  | {rF- Regen+ Str+3}
  8730 | D:10     | Entered Level 10 of the Dungeon
  8752 | D:10     | Reached skill level 12 in Armour
  8753 | D:10     | Noticed a centaur warrior
  8762 | D:10     | Killed a centaur warrior
  8790 | D:10     | Found a staircase to the Orcish Mines.
  8803 | Orc:1    | Entered Level 1 of the Orcish Mines
  8803 | Orc:1    | Noticed an orc sorcerer
  8806 | Orc:1    | Killed an orc sorcerer
  8807 | Orc:1    | Reached XP level 12. HP: 94/94 MP: 17/17
  9543 | D:11     | Noticed a death yak
  9543 | D:11     | Found a staircase to the Lair.
  9549 | D:11     | Killed a death yak
  9777 | D:11     | Noticed a boulder beetle
  9785 | D:11     | Killed a boulder beetle
  9786 | D:11     | Reached skill level 5 in Evocations
 10067 | Lair:1   | Entered Level 1 of the Lair of Beasts
 10067 | Lair:1   | Noticed Gastronok
 10079 | Lair:1   | Killed Gastronok
 10080 | Lair:1   | Reached skill level 10 in Fighting
 10162 | Lair:1   | Reached skill level 13 in Armour
 10232 | Lair:1   | Reached skill level 5 in Spellcasting
 10586 | Lair:2   | Noticed Urug
 10600 | Lair:2   | Reached XP level 13. HP: 102/102 MP: 20/20
 10601 | Lair:2   | Killed Urug
 10620 | Lair:2   | Reached ****** piety under Hepliaklqana
 10665 | Lair:2   | Found a staircase to the Swamp.
 11398 | Swamp:1  | Entered Level 1 of the Swamp
 11415 | Swamp:1  | Noticed a thorn hunter
 11429 | Swamp:1  | HP: 3/102 [spriggan rider/+0 spear[a spriggan druid] (5)]
 11524 | Swamp:1  | HP: 4/102 [tyrant leech (7)]
 11529 | Swamp:1  | HP: 1/102 [bog body (11)]
 11529 | Swamp:1  | Slain by a tyrant leech

Illustrated notes

Levels and vault maps discovered:
D:1:      wheals_arrival_linesprint, layout_basic
D:2:      layout_rooms, basic_altar
D:3:      layout_rooms, nzn_hepliaklqana_mist_gate,
          shapermc_ecumenical_altar_pompeii, uniq_robin
D:4:      layout_layer_cave, nicolae_qazlal_beasts_of_the_sky, uniq_pikel
D:5:      layout_basic, minmay_temple_entry_stoned_glass, serial_glass,
          glass_columns_a, glass_columns_a, glass_columns_b, glass_columns_c,
          glass_columns_a, glass_columns_b, mrwooster_statue_mirror,
          minmay_pentangle
D:6:      layout_rooms, grunt_ministairs_8, st_stairs_12, uniq_menkaure,
          uniq_duvessa, uniq_edmund, uniq_sigmund
D:7:      lemuel_castle_with_subvaults [lemuel_castle_interior_carwin_2],
          layout_cave_pools, zin_academy, vehumet_statue, enter_bailey_3,
          serial_rivers, chequers_serial_rivers_room_b,
          chequers_serial_rivers_micro_b, chequers_serial_rivers_large_b,
          chequers_serial_rivers_small_b, chequers_serial_rivers_marsh
D:8:      layout_loops_ring, mainiacjoe_overflow_alcove_1,
          nicolae_inconvenience_store, minivault_1, uniq_jeremiah
D:9:      minmay_sliced_demisemicircle, layout_gridville, minivault_16,
          uniq_prince_ribbit1
D:10:     layout_cave_pools, david_orc_4
D:11:     layout_rooms, david_lair_generic, nicolae_where_there's_smoke
Temple:   minmay_temple_bridge_d
Lair:1:   layout_big_grid, grunt_megastairs_2, uniq_gastronok
Lair:2:   layout_roguey, minmay_swamp_entry_eels, hangedman_lair_unloving_vines,
          nzn_sisyphean_effort, uniq_urug
Swamp:1:  layout_basic_swamp, evilmike_swamp_ruin_house_3,
          infiniplex_staircase_pool
Orc:1:    layout_diamond_mine, regret_index_minedec_devilstone,
          nicolae_orc_found_a_spring

Skill      XL: |  1  2  3  4  5  6  7  8  9 10 11 12 13 |
---------------+----------------------------------------+-----
Stealth        | 1 2 4 5 6 8 10 | 10.0
Fighting       | 3 4 5 6 7 8 9 10 | 10.7
Armour         | 4 5 6 7 9 10 12 13 | 13.7
Shields        | 4 5 6 7 8 10 11 12 | 12.6
Spellcasting   | 3 5 |  5.8
Evocations     | 4 6 7 |  7.0
Unarmed Combat | |  1.7

Action                     |  1- 3 |  4- 6 |  7- 9 | 10-12 | 13-15 || total
---------------------------+-------+-------+-------+-------+-------++-------
  Melee: Unarmed           |   116 |       |       |       |       ||   116
         Tailslap          |    13 |     6 |    16 |    67 |    24 ||   126
         War axe           |     3 |    54 |   122 |   373 |    89 ||   641
         Kick              |       |    10 |    40 |   141 |    54 ||   245
         Headbutt          |       |     3 |    25 |    22 |       ||    50
  Throw: Dart              |     3 |     5 |       |     4 |       ||    12
 Invoke: Ancestor Life: Ba |       |       |     1 |       |       ||     1
         Idealise          |       |       |       |     1 |     1 ||     2
  Evoke: Wand              |       |       |       |    15 |       ||    15
    Use: Scroll            |     2 |     9 |    10 |    13 |     5 ||    39
         Potion            |     1 |     4 |     4 |    10 |     7 ||    26
   Stab: Distracted        |       |       |     4 |     4 |     2 ||    10
 Armour: Scale mail        |    93 |    69 |    86 |       |       ||   248
         Chain mail        |       |       |    62 |   563 |   154 ||   779
  Dodge: Dodged            |    42 |    28 |    36 |    72 |     8 ||   186
  Block: Buckler           |    16 |    15 |    47 |    86 |       ||   164
         Tower shield      |       |       |       |   369 |    98 ||   467
